 Dungeon Crawl Stone Soup version 0.24-a0-170-gd8427f5388 (webtiles) character file.

Game seed: 16651595292091749571

34 EnegeticOcto the Ducker (level 3, -3/17 HPs)
             Began as a Felid Chaos Knight on Mar 8, 2019.
             Was a Plaything of Xom.
             Slain by a goblin (6 damage)
             ... led by Robin
             ... on level 2 of the Dungeon.
             The game lasted 00:04:25 (1435 turns).

EnegeticOcto the Ducker (Felid Chaos Knight)        Turns: 1435, Time: 00:04:25

Health: -3/17      AC:  1    Str:  8    XL:     3   Next: 14%
Magic:  4/4        EV: 19    Int: 13    God:    Xom [...*..]
Gold:   29         SH:  0    Dex: 16    Spells: 2/2 levels left
                                        Lives:  0   Deaths: 0

rFire    . . .     SeeInvis +     - Unarmed
rCold    . . .     Gourm    .   (shield unavailable)
rNeg     . . .     Faith    .   (armour unavailable)
rPois    .         Spirit   .   (helmet unavailable)
rElec    .         Reflect  .   (cloak unavailable)
rCorr    .         Harm     .   (gloves unavailable)
MR       .....                  (boots unavailable)
Stlth    ++........             (no amulet)
HPRegen  0.05/turn              (no ring)
MPRegen  0.09/turn              (no ring)

@: quick
A: very small, no armour, no weapons or thrown items, stealth, claws 1, fangs 3,
see invisible, carnivore, speed 1, shaggy fur 1, slow metabolism 1, sharp paws
a: Renounce Religion


You were on level 2 of the Dungeon.
You worshipped Xom.
You were a favourite toy of Xom.
You were completely stuffed.

You visited 1 branch of the dungeon, and saw 2 of its levels.

You collected 29 gold pieces.

Inventory:

Missiles
 b - 22 arrows
Scrolls
 a - a scroll of remove curse {@r2}
 f - a scroll of identify {@r1}
Potions
 c - a potion of flight {unknown}
 d - 3 potions of curing
 h - a potion of agility {unknown}
 i - a potion of lignification {unknown}
Comestibles
 e - 3 rations
 g - 3 chunks of flesh


   Skills:
 * Level 3.4 Fighting
 + Level 3.6 Dodging
 + Level 1.3 Stealth
 * Level 3.5 Unarmed Combat


You had 2 spell levels left.
You didn't know any spells.
Your spell library was empty.

Dungeon Overview and Level Annotations

Branches:
Dungeon (2/15)

Altars:
Ashenzari

Annotations:
D:2 Jessica, Robin


Innate Abilities, Weirdness & Mutations

You cannot wear armour.
You are incapable of wielding weapons or throwing items.
Your paws allow you to move quietly. (Stealth)
You have sharp claws.
You have razor-sharp teeth.
You have supernaturally acute eyesight. (SInv)
You are carnivorous and can eat meat at any time.
You cover ground quickly.
You are covered in fur. (AC +1)
You have a slow metabolism.
Your sharp claws are effective at attacking unaware monsters.


Message History

You are too injured to fight recklessly!
As you read the scroll labeled YBAVOB TANTUWE, it crumbles to dust.
You feel blessed for a moment.
It was a scroll of remove curse.
Xom is interested.
The goblin closely misses you. The hobgoblin completely misses you.
The goblin misses you.
As you read the scroll labeled MINTAK OGOM, it crumbles to dust.
It is a scroll of identify.
d - 3 potions of curing Robin roars a battlecry!
The hobgoblin goes into a battle-frenzy!
A goblin comes into view. It is wielding a +0 dagger.
The goblin misses you. The hobgoblin misses you.
As you read the scroll labeled NELOFE ERIPU, it crumbles to dust.
It is a scroll of enchant armour.
You aren't carrying any armour which can be enchanted further.
Xom is mildly amused.
You hear Xom's maniacal laughter.
The goblin's cursed -3 club dances into the air!
The goblin hits you.
You die...

#### ....g
...ggg#############
#gg@g.........#
#(#g##########.######
##.................
######.##...##.#
#.##...##.#
.########.##...##.#
........#.##...##.#
..........##...##.#
....##.####...##..


You could see Robin, 2 hobgoblins, 5 goblins and a friendly -3 club.

Vanquished Creatures
  An ooze (D:2)
  A leopard gecko (D:2)
  4 bats
  A giant cockroach (D:2)
  6 goblins
  4 hobgoblins
  2 kobolds (D:1)
  2 frilled lizards
  5 rats
26 creatures vanquished.

Notes
Turn   | Place    | Note
-------+----------+-------------------------------------------
     0 | D:1      | EnegeticOcto the Felid Chaos Knight began the quest for the
                  | Orb.
     0 | D:1      | Reached XP level 1. HP: 10/10 MP: 2/2
    79 | D:1      | XOM: silly message
   326 | D:2      | Found a shattered altar of Ashenzari.
   403 | D:2      | Reached XP level 2. HP: 9/14 MP: 3/3
   417 | D:2      | XOM: harmless Pois miscast
   598 | D:2      | Reached skill level 1 in Stealth
   607 | D:2      | Noticed Jessica
   630 | D:1      | XOM: swap monsters
   861 | D:1      | XOM: divination: detect creatures
  1120 | D:1      | XOM: enchant monster (bad)
  1270 | D:2      | Reached XP level 3. HP: 15/17 MP: 4/4
  1271 | D:2      | XOM: harmless Conj miscast
  1426 | D:2      | Noticed Robin
  1435 | D:2      | Slain by a goblin

Levels and vault maps discovered:
D:1:      minmay_arrival_widening_spiral_wide, layout_basic
D:2:      layout_loops_ring, lemuel_crystal_altar, old_standard_altar,
          minmay_misc_feat_rows, serial_bayou_lagoon_a, uniq_jessica, uniq_robin

Skill      XL: |  1  2 |
---------------+-------+-----
Stealth        | 1 |  1.3
Fighting       | |  3.4
Dodging        | |  3.6
Unarmed Combat | |  3.5

Action                   || total
-------------------------++-------
Melee: Unarmed           ||    73
       Bite              ||     4
       Punch             ||     1
  Use: Scroll            ||     3
 Stab: Sleeping          ||     4
  Eat: Chunk             ||     8
Armor: Skin              ||     1
Dodge: Dodged            ||    49

Table legend:
 A = Non-vault XP
 B = Vault XP
 C = Vault XP percentage of total XP
 D = Non-vault monster count
 E = Vault monster count
 F = Vault count percentage of total count
                 A         B        C        D         E       F
            +---------+---------+-------+---------+---------+-------
      Total |      45 |       4 |   8.2 |      24 |       2 |   7.7
            +---------+---------+-------+---------+---------+-------
        D:1 |      23 |       0 |   0.0 |      14 |       0 |   0.0
        D:2 |      22 |       4 |  15.4 |      10 |       2 |  16.7
            +---------+---------+-------+---------+---------+-------
